 Dungeon Sprint DCSS version 0.17-a0-1753-g75d4604 (webtiles) character file.

297 KambridgeKobold the Thaumaturge (level 6, -1/28 HPs)
             Began as a Spriggan Conjurer on Sept 2, 2015.
             Slain by a slime creature (17 damage)
             ... in the Dungeon (Sprint I: "Red Sonja").
             The game lasted 00:02:17 (455 turns).

KambridgeKobold the Thaumaturge (Spriggan Conjurer)  Turns: 455, Time: 00:02:17

Health: -1/28      AC:  4    Str:  6    XL:     6   Next: 12%
Magic:  16/20      EV: 21    Int: 17    God:
Gold:   171        SH:  0    Dex: 16    Spells: 2 memorised, 22 levels left

rFire  + . .     SeeInvis +     (weapon restricted)
rCold  . . .     Clarity  .     l - +2 robe {rF+}
rNeg   . . .     SustAt   .     (shield restricted)
rPois  .         Gourm    .     (helmet restricted)
rElec  .         Spirit   .     (no cloak)
rCorr  .         Warding  .     (gloves unavailable)
rMut   .         NoTele   +     (boots unavailable)
MR     +....                    (no amulet)
Stlth  +++++.....               (no ring)
                                (no ring)

@: very quick, somewhat resistant to hostile enchantments, quite stealthy
A: unfitting armour, see invisible, herbivore 3, speed 3, slow metabolism 2
a: no special abilities


You were in the Dungeon.
You were not hungry.

You visited 1 branch You collected 171 gold pieces.

Inventory:

Hand weapons
 j - a +0 scythe
 k - a +0 giant club
Armour
 a - a +0 robe
 h - a +3 chain mail of magic resistance
 l - a +2 robe of fire resistance (worn)
 m - a +0 ring mail
Scrolls
 i - a scroll of blinking
Potions
 d - a potion of curing
 e - a potion of heal wounds
 f - a potion of haste
 g - 2 potions of magic
Books
 b - a book of Conjurations

   Spells                             Type                      Level
   a - Magic Dart                     Conjuration                  1
   b - Searing Ray                    Conjuration                  2
   c - Dazzling Spray                 Conjuration/Hexes            3
   d - Fulminant Prism                Conjuration/Hexes            4
   e - Iskenderun's Mystic Blast      Conjuration                  4
   f - Iskenderun's Battlesphere      Conjuration/Charms           5
Comestibles
 c - a bread ration


   Skills:
 - Level 6.5 Dodging
 + Level 8.5 Stealth
 + Level 10.1 Spellcasting
 + Level 6.4 Conjurations


You had 22 spell levels left.
You knew the following spells:

 Your Spells              Type           Power        Failure   Level  Hunger
a - Magic Dart            Conj           ####         1%          1    None
b - Searing Ray           Conj           ####..       1%          2    None


Dungeon Overview and Level Annotations

Branches:
Dungeon (1/1)

Altars:
Fedhas
Sif Muna
Vehumet
Jiyva


Innate Abilities, Weirdness & Mutations

You are tiny and cannot use many weapons and most armour.
You have supernaturally acute eyesight.
You are a herbivore.
You cover ground extremely quickly.
You need consume almost no food.


Message History

Casting: Searing Ray
Confirm with . or Enter, or press ? or * to list all spells.
Aiming: Searing Ray
Press: ? - help, Shift-Dir - straight line, f - you
Okay, then.
Casting: Searing Ray
Confirm with . or Enter, or press ? or * to list all spells.
Aiming: Searing Ray
Press: ? - help, Shift-Dir - straight line, f - jelly
Aim: a jelly (resting)
The searing ray hits the jelly.
The jelly is heavily wounded.
The jelly quivers.
The searing ray hits the jelly.
You kill the jelly!
Your Spellcasting skill increases to level 10!
The slime creature hits you!
You open the door. The slime creature hits you!
Ouch! That really hurt!
You die...

###################
#<.#..'..#..'..#__#
#..'..#..'..#..'..+
#..#####'#####'#
#..# #..#$$ #.#
#..# ####$$##.#
#..# #'#J.+ #⌠⌠#
+.@._# #### #_.#+#
##+#


You could see a slime creature.

Vanquished Creatures
  Sigmund (D)
  An ogre (D)
  Ijyb (D)
  A jelly (D)
4 creatures vanquished.

Notes
Turn   | Place    | Note
--------------------------------------------------------------
     0 | D        | KambridgeKobold the Spriggan Conjurer began the quest for the Orb.
     0 | D        | Reached XP level 1. HP: 9/9 MP: 5/5
     1 | D        | Noticed Ijyb
    33 | D        | Killed Ijyb
    33 | D        | Reached skill level 6 in Spellcasting
    33 | D        | Reached XP level 2. HP: 7/13 MP: 1/10
   214 | D        | Noticed an ogre
   219 | D        | Learned a level 2 spell: Searing Ray
   233 | D        | Killed an ogre
   233 | D        | Reached skill level 8 in Spellcasting
   233 | D        | Reached skill level 5 in Conjurations
   233 | D        | Reached XP level 3. HP: 16/16 MP: 3/13
   233 | D        | Reached XP level 4. HP: 21/21 MP: 3/15
   331 | D        | Noticed Sigmund
   340 | D        | Killed Sigmund
   340 | D        | Reached skill level 9 in Spellcasting
   340 | D        | Reached XP level 5. HP: 24/24 MP: 6/18
   340 | D        | Reached XP level 6. HP: 28/28 MP: 6/19
   438 | D        | Found a deep blue altar of Sif Muna.
   439 | D        | Noticed a jelly
   440 | D        | Found a radiant altar of Vehumet.
   446 | D        | Found a viscous altar of Jiyva.
   446 | D        | Found a blossoming altar of Fedhas.
   446 | D        | Noticed a slime creature
   450 | D        | Killed a jelly
   450 | D        | Reached skill level 10 in Spellcasting
   455 | D        | Slain by a slime creature

Vault maps used:
D:        dungeon_sprint_1

Action                   |  1- 3 |  4- 6 || total
-------------------------+-------+-------++-------
Melee: Unarmed           |    14 |       ||    14
 Cast: Magic Dart        |     5 |       ||     5
       Searing Ray       |     2 |     4 ||     6
  Use: Potion            |     1 |       ||     1
